 Dungeon Crawl Stone Soup version 0.20.1-1-g8b1a95d (webtiles) character file.

68 letownia2 the Grave Robber (level 4, -1/36 HPs)
             Began as a Deep Dwarf Necromancer on Nov 2, 2017.
             Slain by a worm (5 damage)
             ... on level 3 of the Dungeon.
             The game lasted 00:04:13 (1048 turns).

letownia2 the Grave Robber (Deep Dwarf Necromancer) Turns: 1048, Time: 00:04:13

Health: -1/36      AC:  3    Str: 11    XL:     4   Next: 1%
Magic:  0/7        EV: 12    Int: 17    God:
Gold:   34         SH:  0    Dex: 13    Spells: 3/7 levels left

rFire    . . .     SeeInvis .   g - +0 short sword
rCold    . . .     Gourm    .   (no shield)
rNeg     . . .     Faith    +   i - +0 leather armour
rPois    .         Spirit   .   (no helmet)
rElec    .         Reflect  .   (no cloak)
rCorr    .         Harm     .   (no gloves)
MR       .....                  (no boots)
Stlth    +.........             n - amulet of faith
Regen    0.0/turn               (no ring)
MPRegen  0.1/turn               (no ring)

@: non-regenerating, very slow
A: damage resistance, heal wounds, sense surroundings 1, no regeneration
a: Heal Wounds


You were on level 3 of the Dungeon.
You were not hungry.

You visited 1 branch of the dungeon, and saw 3 of its levels.

You collected 34 gold pieces.

Inventory:

Hand Weapons
 g - a +0 short sword (weapon)
 m - a +0 flail
Armour
 a - a +0 robe
 i - a +0 leather armour (worn)
 k - a +0 chain mail
 p - +0 steam dragon scales
Jewellery
 n - an amulet of faith (around neck)
Scrolls
 e - a scroll of remove curse {unknown}
 h - a scroll of immolation {unknown}
 l - a scroll of fog {unknown}
 o - a scroll of teleportation {unknown}
Potions
 d - a potion of lignification {unknown}
 f - a potion of curing {unknown}
Books
 b - a book of Necromancy

   Spells                             Type                      Level
   a - Pain                           Necromancy                   1
   b - Animate Skeleton               Necromancy                   1
   c - Vampiric Draining              Necromancy                   3
   d - Regeneration                   Charms/Necromancy            3
   e - Animate Dead                   Necromancy                   4
   f - Control Undead                 Necromancy                   4
Comestibles
 c - a bread ration
 j - a chunk of flesh


   Skills:
 - Level 2.1 Dodging
 - Level 2.4 Stealth
 - Level 2.1 Spellcasting
 + Level 5.9 Necromancy


You had 3 spell levels left.
You knew the following spells:

 Your Spells              Type           Power        Failure   Level  Hunger
a - Pain                  Necr           ###.         2%          1    #......
v - Vampiric Draining     Necr           ###.......   7%          3    ###....


Dungeon Overview and Level Annotations

Branches:
Dungeon (3/15)

Altars:


Innate Abilities, Weirdness & Mutations

You are resistant to damage.
You can heal yourself by infusing magical energy.
You passively map a small area around you.
You do not regenerate.


Message History

Your unstable footing causes you to fumble your attack.
The ooze barely misses you. The worm bites you!
You hit the ooze.
The ooze is severely wounded.
The ooze hits you.
Unknown command.
Your unstable footing causes you to fumble your attack.
The worm bites you!
* * * LOW HITPOINT WARNING * * *
The ooze closely misses you.
Unknown command.
Casting: Pain
Confirm with . or Enter, or press ? or * to list all spells.
Aiming: Pain
Press: ? - help, Shift-Dir - straight line, f/p - ooze
Aim: an ooze (heavily wounded, chance to defeat MR: 80%)
The ooze barely resists.
The ooze hits you.
* * * LOW HITPOINT WARNING * * *
The worm bites you!
You die...

#..# #o##.#
##.# #.##.#
###o###o##)#
#.....#.##o#
#.....#.##o#
#####
#......>##.#
#...#####
##########.#
##...#≈w≈#≈ ≈
#......
#####...≈#@#≈#≈
** #######
#.......≈#J#≈#
#.###..b≈rb#≈≈
** #.#
#...≈#≈#w## #.#
##..≈≈≈#rr≈ *
#.# #.$.#≈### *
#.# #..≈≈≈# ≈
≈≈ * #.#
#...†≈# ### *
#.# ###.### #.#


You could see a worm, an ooze, a bat and a rat.

Vanquished Creatures
  4 adders
  A dart slug (D:2)
  A leopard gecko (D:3)
  8 orcs (D:3)
  2 goblins (D:2)
  2 hobgoblins
  2 kobolds (D:2)
  A ball python (D:2)
  A rat (D:3)
22 creatures vanquished.

Notes
Turn   | Place    | Note
-------+----------+-------------------------------------------
     0 | D:1      | letownia2 the Deep Dwarf Necromancer began the quest for the Orb.
     0 | D:1      | Reached XP level 1. HP: 15/15 MP: 3/3
   338 | D:2      | Reached XP level 2. HP: 20/22 MP: 0/5
   510 | D:3      | Reached skill level 5 in Necromancy
   644 | D:3      | Reached XP level 3. HP: 3/28 MP: 0/6
   665 | D:3      | Learned a level 3 spell: Vampiric Draining
  1005 | D:3      | Reached XP level 4. HP: 20/36 MP: 0/7
  1048 | D:3      | Slain by a worm

Skill      XL: |  1  2 |
---------------+-------+-----
Spellcasting   | 2 |  2.1
Necromancy     | 5 |  5.9
Dodging        | |  2.1
Stealth        | |  2.4

Action                   |  1- 3 |  4- 6 || total
-------------------------+-------+-------++-------
Melee: Short sword       |    16 |     5 ||    21
 Cast: Pain              |    39 |     6 ||    45
       Vampiric Draining |     6 |       ||     6
 Stab: Sleeping          |     2 |       ||     2
  Eat: Chunk             |     2 |       ||     2
Armor: Leather armour    |    11 |    10 ||    21
       Robe              |     2 |       ||     2
Dodge: Dodged            |    32 |    20 ||    52
